 Dungeon Crawl Stone Soup version 5.4-155-g4a05093 (webtiles) character file.

5231 qzeqze the Marksminotaur (level 11, -8/89 HPs)
             Began as a Minotaur Hunter on Apr 7, 2018.
             Was a High Priest of Makhleb.
             Hit by a large rock thrown by a cyclops (30 damage)
             ... on level 11 of the Dungeon.
             The game lasted 01:21:07 (9245 turns).

qzeqze the Marksminotaur (Minotaur Hunter)          Turns: 9245, Time: 01:21:08

Health: -8/89      AC: 17 (39%)Str: 18  XL:     11   Next: 91%
Magic:  14/14      EV:  7    Int:  8    God:    Makhleb [5*[129]]
Gold:   703        SH:  0    Dex: 13    Spells: 14/14 levels left

rFire    . . .     SeeInvis .   a - +3 shortbow
rCold    . . .     Faith    .   (shield currently unavailable)
rNeg     . . .     Spirit   .   t - +0 plate armour
rPois    +         Reflect  .   (helmet restricted)
rElec    .                      m - +0 cloak
rCorr    .                      B - -1 pair of gloves
MR       .....                  (no boots)
Stlth    ..........             (no amulet)
Regen    0.3/turn               f - ring of poison resistance
MPRegen  0.3/turn               (no ring)

@: no status effects
A: retaliatory headbutt, horns 2
a: Minor Destruction, Lesser Servant of Makhleb, Hurl Damnation, Greater Servant
of Makhleb, Renounce Religion


You were on level 11 of the Dungeon.
You worshipped Makhleb.
Makhleb was extremely pleased with you.
You were not hungry.

You visited 1 branch of the dungeon, and saw 11 of its levels.
You also visited: Sewer.

You collected 703 gold pieces.

Inventory:

Hand Weapons
 a - a +3 shortbow (weapon)
 b - a +0 arbalest
 c - a +0 dagger of electrocution
 A - a +1 shortbow
 E - a +0 executioner's axe
Missiles
 j - 16 frenzy darts
 n - 88 tomahawks
 p - 6 curare darts
 H - 94 javelins
Armour
 k - a +0 troll leather armour
 m - a +0 cloak (worn)
 t - a +0 plate armour (worn)
 B - a -1 pair of gloves (worn)
Jewellery
 d - an uncursed ring of wizardry
 e - an uncursed amulet of faith
 f - a ring of poison resistance (left hand)
Wands
 x - a wand of confusion (11)
 F - a wand of iceblast (8)
Scrolls
 h - 9 scrolls of teleportation
 i - 6 scrolls of enchant weapon
 o - a scroll of acquirement
 r - 2 scrolls of magic mapping
 u - 2 scrolls of fog
 v - 4 scrolls of enchant armour
 y - 2 scrolls of amnesia
 z - 2 scrolls of blinking
Potions
 g - 3 potions of ambrosia
 q - 5 potions of flight
 s - 5 potions of lignification
 w - 2 potions of cancellation
 C - 3 potions of mutation
Miscellaneous
 G - a sack of spiders


   Skills:
 - Level 6.0 Fighting
 + Level 17.1 Bows & Xbows
 - Level 11.0 Armour
 - Level 3.0 Dodging
 - Level 0.7 Stealth


You had 14 spell levels left.
You didn't know any spells.

Dungeon Overview and Level Annotations

Branches:
Dungeon (11/15)

Altars:
Cheibriados
Dithmenos
Elyvilon
Gozag
Jiyva
Kikubaaqudgha
Makhleb
Nemelex Xobeh
Okawaru
Qazlal
Ru
Sif Muna
Trog
Uskayaw
Vehumet
Wu Jian
Xom
Yredelemnul
Zin
The Shining One


Innate Abilities, Weirdness & Mutations

You reflexively headbutt those who attack you in melee.
You have a pair of horns on your head.


Message History

You shoot an arrow.
The arrow hits the cyclops but does no damage.
The cyclops is severely wounded.
The cyclops throws a large rock.
The large rock hits you (2).
* * * LOW HITPOINT WARNING * * *
Firing (i - inventory):
Press: ? - help, Shift-Dir - straight line, f/p - cyclops
Aim: a cyclops (severely wounded)
Okay, then.
You shoot an arrow. The arrow hits the cyclops (8)!
The cyclops is almost dead.
Firing (i - inventory):
Press: ? - help, Shift-Dir - straight line, f/p - cyclops
Aim: a cyclops (almost dead)
Okay, then.
You shoot an arrow.
The arrow hits the cyclops but does no damage.
The cyclops is almost dead.
The cyclops throws a large rock.
The large rock hits you (30)!!
You die...

.# #.# .#######.#
.........# #####.#### #
##.## ### ####...# ..
.......# #####.# ##C
.###...# #...#.#.....
.####### #.#.@...# ..#
#...#....... ..#
####.####..... ).#
###.......# ####
..#######[.....##.######
...............##......##
.).............##.......#
>........................
......>........##......#


You could see a cyclops.

Vanquished Creatures
  Erica (D:11)
  3 death yaks (D:10)
  A two-headed ogre (D:11)
  An orc knight (D:8)
  A centaur zombie (D:10)
  Joseph (D:9)
  A gargoyle (D:10)
  3 spiny frogs (D:10)
  2 trolls (D:11)
  Grinder (D:7)
  A meliai zombie (D:10)
  A vampire (D:10)
  8 yaks
  2 wyverns
  Grum (D:8)
  An angry ghost (D:9)
  14 wargs (D:8)
  2 spiny frog zombies
  A black bear (D:7)
  An ice beast (D:7)
  10 orc warriors
  A blink frog zombie (D:10)
  7 ogres
  4 wolves (D:8)
  5 centaurs
  A bullfrog (D:9)
  3 big kobolds
  6 scorpions
  4 crimson imps
  3 killer bees (D:11)
  3 wights (D:10)
  6 jellies
  4 orc priests
  9 hounds
  2 orc wizards
  3 centaur skeletons
  Natasha (thrice) (D:4)
  Terence (D:3)
  A worker ant (D:5)
  2 iguanas
  A hound zombie (D:5)
  A hound skeleton (D:5)
  Samantha (D:3)
  10 gnolls
  A howler monkey skeleton (D:4)
  8 adders
  5 shadow imps
  2 oozes (D:2)
  A dart slug (D:2)
  43 orcs
  6 quokkas
  4 bats
  6 giant cockroaches
  7 hobgoblins
  6 jackals
  A ball python (D:2)
  3 frilled lizards
  19 goblins
  A jackal skeleton (D:4)
  14 kobolds
  16 rats
281 creatures vanquished.

Notes
Turn   | Place    | Note
-------+----------+-------------------------------------------
     0 | D:1      | qzeqze the Minotaur Hunter began the quest for the Orb.
     0 | D:1      | Reached XP level 1. HP: 18/18 MP: 1/1
    61 | D:1      | Reached XP level 2. HP: 25/25 MP: 2/2
   389 | D:1      | Reached skill level 5 in Bows & Xbows
   389 | D:1      | Reached XP level 3. HP: 31/31 MP: 3/3
   808 | D:2      | Found a basalt altar of Yredelemnul.
   881 | D:2      | Reached XP level 4. HP: 40/40 MP: 5/5
   949 | D:2      | Found a burning altar of Makhleb.
   962 | D:2      | Became a worshipper of Makhleb the Destroyer
  1001 | D:2      | Found a glowing silver altar of Zin.
  1001 | D:2      | Found a bloodstained altar of Trog.
  1178 | D:3      | Found a faded altar of an unknown god.
  1228 | D:3      | Found a sparkling altar of Nemelex Xobeh.
  1288 | D:3      | Found a shadowy altar of Dithmenos.
  1295 | D:3      | Reached skill level 6 in Bows & Xbows
  1296 | D:3      | Found a shimmering altar of Xom.
  1322 | D:3      | Noticed Samantha
  1365 | D:3      | Killed Samantha
  1365 | D:3      | Reached XP level 5. HP: 46/46 MP: 6/6
  1560 | D:3      | Noticed Terence
  1564 | D:3      | Killed Terence
  1575 | D:3      | Found a sacrificial altar of Ru.
  1640 | D:3      | Found a radiant altar of Vehumet.
  1816 | D:4      | Got Ysixi's Introduction to Sorcery
  1846 | D:4      | Reached skill level 7 in Bows & Xbows
  1850 | D:4      | Reached * piety under Makhleb
  1862 | D:4      | Found a glowing golden altar of the Shining One.
  1862 | D:4      | Found a deep blue altar of Sif Muna.
  1889 | D:4      | Reached XP level 6. HP: 52/52 MP: 7/7
  1995 | D:4      | Found a glowing drain.
  2010 | Sewer    | Entered a sewer
  2080 | Sewer    | Reached skill level 8 in Bows & Xbows
  2098 | Sewer    | Found a glowing silver altar of Zin.
  2357 | D:4      | Found an opulent altar of Gozag.
  2373 | D:4      | Reached XP level 7. HP: 59/59 MP: 9/9
  2507 | D:4      | Found a snail-covered altar of Cheibriados.
  2548 | D:4      | Found an ornate altar of the Wu Jian Council.
  2555 | D:4      | Noticed Natasha
  2568 | D:4      | Killed Natasha
  2568 | D:4      | Reached ** piety under Makhleb
  2586 | D:4      | Found an ornate altar of the Wu Jian Council.
  2649 | D:4      | Noticed Natasha
  2657 | D:4      | Killed Natasha
  2657 | D:4      | Reached skill level 9 in Bows & Xbows
  2663 | D:4      | Noticed Natasha
  2670 | D:4      | Killed Natasha
  2704 | D:5      | Entered Level 5 of the Dungeon
  2824 | D:5      | HP: 2/59 [centaur/arrow (7)]
  2839 | D:5      | Reached skill level 10 in Bows & Xbows
  3227 | D:5      | Found an ancient bone altar of Kikubaaqudgha.
  3383 | D:5      | Reached XP level 8. HP: 66/66 MP: 10/10
  3551 | D:6      | Found a white marble altar of Elyvilon.
  3667 | D:6      | Reached skill level 11 in Bows & Xbows
  3798 | D:6      | Noticed a hand axe
  3798 | D:6      | Noticed an enchanted hand axe
  3800 | D:6      | Found a hide-covered altar of Uskayaw.
  4078 | D:7      | Reached skill level 12 in Bows & Xbows
  4224 | D:7      | Found a stormy altar of Qazlal.
  4297 | D:7      | Found a shadowy altar of Dithmenos.
  4308 | D:7      | Reached *** piety under Makhleb
  4603 | D:7      | Reached XP level 9. HP: 71/71 MP: 11/11
  4650 | D:7      | Reached skill level 13 in Bows & Xbows
  4651 | D:7      | Noticed Grinder
  4654 | D:7      | Paralysed by Grinder for 2 turns
  4661 | D:7      | Killed Grinder
  4911 | D:7      | Found a viscous altar of Jiyva.
  4912 | D:7      | Found an iron altar of Okawaru.
  5020 | D:8      | Reached skill level 14 in Bows & Xbows
  5505 | D:8      | Reached skill level 5 in Fighting
  5536 | D:8      | Reached XP level 10. HP: 16/81 MP: 12/12
  5864 | D:8      | Reached skill level 5 in Armour
  5947 | D:8      | Noticed Grum
  5962 | D:8      | Killed Grum
  5962 | D:8      | Reached **** piety under Makhleb
  6182 | D:8      | Noticed an orc knight
  6219 | D:8      | Killed an orc knight
  6358 | D:8      | Reached skill level 15 in Bows & Xbows
  6418 | D:8      | Found a glowing golden altar of the Shining One.
  6748 | D:9      | Reached ***** piety under Makhleb
  6835 | D:9      | Noticed Joseph
  6859 | D:9      | Killed Joseph
  7211 | D:10     | Entered Level 10 of the Dungeon
  7235 | D:10     | Reached XP level 11. HP: 89/89 MP: 14/14
  7941 | D:10     | Noticed a death yak
  7944 | D:10     | Noticed a death yak
  7946 | D:10     | Noticed a death yak
  7966 | D:10     | Killed a death yak
  7966 | D:10     | Reached skill level 10 in Armour
  7974 | D:10     | Killed a death yak
  7974 | D:10     | Reached skill level 16 in Bows & Xbows
  8000 | D:10     | Killed a death yak
  8821 | D:11     | Noticed a two-headed ogre
  8833 | D:11     | Killed a two-headed ogre
  9092 | D:11     | Noticed Erica
  9102 | D:11     | Killed Erica
  9104 | D:11     | Reached skill level 17 in Bows & Xbows
  9196 | D:11     | Found a burning altar of Makhleb.
  9245 | D:11     | Hit by a large rock thrown by a cyclops

Skill      XL: |  1  2  3  4  5  6  7  8  9 10 11 |
---------------+----------------------------------+-----
Fighting       | 3 4 5 6 |  6.0
Bows & Xbows   | 5 6 7 8 10 12 14 15 17 | 17.1
Armour         | 4 8 11 | 11.0
Dodging        | 3 |  3.0
Stealth        | |  0.7

Action                   |  1- 3 |  4- 6 |  7- 9 | 10-12 || total
-------------------------+-------+-------+-------+-------++-------
Melee: Executioner's axe |       |       |       |     1 ||     1
       Headbutt          |       |       |       |     1 ||     1
 Fire: Shortbow          |   113 |   171 |   423 |   510 ||  1217
       Arbalest          |       |       |       |    69 ||    69
  Use: Potion            |       |       |     1 |     6 ||     7
       Scroll            |       |       |       |     2 ||     2
Armor: Leather armour    |     5 |       |       |       ||     5
       Ring mail         |     6 |    11 |    30 |       ||    47
       Plate armour      |       |       |    13 |    92 ||   105
Dodge: Dodged            |    19 |    12 |    57 |    64 ||   152
